 Dungeon Crawl Stone Soup version 0.29-a0-819-g94b489e0ae (webtiles) character file.

Game seed: 1229921467566296638

439 xian the Conjurer (level 7, -1/40 (43) HPs)
             Began as an Octopode Conjurer on July 6, 2022.
             Slain by an adder (4 damage)
             ... on level 4 of the Dungeon.
             The game lasted 00:13:44 (4350 turns).

xian the Conjurer (Octopode Conjurer)               Turns: 4350, Time: 00:13:44

HP:   -1/40 (43)    AC:  1    Str:  7    XL:     7   Next: 1%
MP:   13/13         EV: 11    Int: 22    God:
Gold: 157           SH:  6    Dex: 10    Spells: 11/14 levels left

rFire   . . .      SeeInvis .   m - +3 morningstar
rCold   . . .      Faith    .   i - +0 kite shield
rNeg    . . .      Spirit   .   (helmet restricted)
rPois   .          Reflect  .   (no amulet)
rElec   .          Harm     .   g - ring of resist corrosion
rCorr   +          Rampage  .   e - ring of willpower
Will    +....                   (no ring)
Stlth   +++.......              (no ring)
HPRegen 0.13/turn               (no ring)
MPRegen 0.13/turn               (no ring)
                                (no ring)
                                (no ring)

@: studying Long Blades, drained
A: almost no armour, amphibious, 8 rings, camouflage 1, gelatinous body 1,
(nimble swimmer 1), tentacles
a: no special abilities


You were on level 4 of the Dungeon.
You visited 1 branch of the dungeon, and saw 4 of its levels.

You collected 157 gold pieces.

Inventory:

Hand Weapons
 m - a +3 morningstar (weapon)
Missiles
 n - 2 atropa-tipped darts
Armour
 i - a +0 kite shield (worn)
 j - the +10 plate armour of the Mashing Gods {rC+ Regen+ Str+6 SInv}
   (You found it on level 2 of the Dungeon)

   Str:       It affects your strength (+6).
   rC:        It protects you from cold.
   SInv:      It lets you see invisible.
   Regen:     It increases your rate of health regeneration.
 q - an orb of energy
Jewellery
 b - a +6 ring of strength
 e - a ring of willpower (right tentacle)
 g - a ring of resist corrosion (left tentacle)
Scrolls
 c - a scroll of silence {unknown}
 d - a scroll of noise {unknown}
 k - 2 scrolls of amnesia {unknown}
 r - a scroll of vulnerability {unknown}
 t - a scroll of teleportation {unknown}
 u - a scroll of immolation {unknown}
Potions
 a - a potion of magic
 f - 3 potions of resistance
 l - 2 potions of might
 p - a potion of brilliance


   Skills:
 + Level 1.1 Fighting
 + Level 0.2 Short Blades
 + Level 1.4 Maces & Flails
 + Level 2.5 Dodging
 + Level 3.9 Stealth
 + Level 1.1 Shields
 + Level 4.0 Spellcasting
 + Level 5.9 Conjurations


You had 11 spell levels left.
You knew the following spells:

 Your Spells              Type           Power      Damage    Failure   Level
a - Magic Dart            Conj           100%       1d8       3%          1
b - Searing Ray           Conj           60%        2d6       4%          2

Your spell library contained the following spells:

 Spells                   Type           Power      Damage    Failure   Level
 Dazzling Flash           Conj/Hex       34%        N/A       34%         3
 Ozocubu's Armour         Ice            4%         N/A       75%         3
 Summon Guardian Golem    Hex/Summ       4%         N/A       75%         3
 Fulminant Prism          Conj/Hex       8%         3d7       75%         4
 Iskenderun's Mystic Bla  Conj/Tloc      17%        2d5       75%         4
 Metabolic Englaciation   Hex/Ice        2%         N/A       100%        5
 Simulacrum               Ice/Necr       2%         N/A       100%        6
 Orb of Destruction       Conj           15%        9d7       100%        7
 Spellforged Servitor     Conj/Summ      8%         N/A       100%        7


Dungeon Overview and Level Annotations

Branches:
Dungeon (4/15)
 Temple: D:4-7

Altars:
Dithmenos
Okawaru


Innate Abilities, Weirdness & Mutations

You cannot wear most types of armour.
You are amphibious.
You can wear up to eight rings at the same time.
Your skin changes colour to match your surroundings (Stealth+).
Your rubbery body absorbs attacks. (AC +1, EV +1)
((You are camouflaged when in or above water. (Stealth+)))
You have tentacles for arms and can constrict up to eight enemies at once.


Message History

The adder poisons you! The ball python misses you. The ball python grabs you.
The ball python constricts you. The wight hits you with a +0 battleaxe!
You feel drained. You block the adder's attack.
You closely miss the adder. Your grab misses the adder.
You feel very sick. The ball python bites you. The ball python constricts you.
You block the adder's attack. The wight hits you with a +0 battleaxe.
You feel drained. The ball python bites you. The ball python constricts you.
The adder bites you.
* * * LOW HITPOINT WARNING * * *
You are more poisoned.
The adder poisons you! The wight barely misses you.
Unknown command.
Unknown command.
Blink to where?
Press: ? - help, Dir - move target You escape the ball python's grasp.
As you read the scroll of blinking, it crumbles to dust.
You feel sick.
You feel sick.
You feel sick.
You feel sick.
An endoplasm comes into view.
You feel sick.
You feel sick.
You feel sick.
You are no longer poisoned.
An iguana comes into view.
A goblin comes into view. It is wielding a +0 club.
The goblin shouts!
An orc comes into view. It is wielding a +0 dagger.
Found a Young Poisoner's Handbook.
An orc comes into view. It is wielding a +0 flail.
The goblin barely misses you. The goblin attacks as you move away!
The goblin hits you with a +0 club.
* * * LOW HITPOINT WARNING * * *
You block the adder's attack. The goblin attacks as you move away!
You block the goblin's attack. The adder bites you.
You die...

....#.#.##.##...........
.)##.##.##.##........... .#
#.#..##.##..........[
.##.....##...........
..#.#....###..........
...#.##.#.................
o:..#.#.#..................
o....#.#.........###.......
.....##..@................
#....J#S##...............
#.....g.##...........###. .......
#....S..##.........#####. ......
#........##.##.....# #... ......
#......z.##.##.....###... .....#
#..z.............†.......
.....####z..................##...
.....#...........................


You could see 3 wights, an adder, an endoplasm (wandering), a goblin and a ball
python.

Vanquished Creatures
  A centaur (D:4)
  A phantom (D:4)
  A howler monkey (D:4)
  2 jellies (D:4)
  An orc wizard (D:2)
  4 adders
  2 shadow imps (D:4)
  4 worms (D:2)
  A dart slug (D:1)
  10 orcs
  7 endoplasms
  5 giant cockroaches
  8 goblins
  6 hobgoblins
  6 jackals
  3 quokkas
  8 ball pythons
  8 bats
  7 frilled lizards
  9 kobolds
  3 rats
97 creatures vanquished.

Notes
Turn   | Place    | Note
-------+----------+-------------------------------------------
     0 | D:1      | xian the Octopode Conjurer began the quest for the Orb.
     0 | D:1      | Reached XP level 1. HP: 11/11 MP: 3/3
   271 | D:1      | Reached XP level 2. HP: 17/17 MP: 1/5
   280 | D:1      | Learned a level 2 spell: Searing Ray
   760 | D:2      | Reached XP level 3. HP: 21/21 MP: 1/6
  1548 | D:2      | Identified the +10 plate armour of the Mashing Gods {rC+
                  | Regen+ Str+6 SInv}
  1582 | D:2      | Reached skill level 5 in Conjurations
  1582 | D:2      | Reached XP level 4. HP: 27/27 MP: 5/7
  2683 | D:3      | Reached XP level 5. HP: 4/32 MP: 2/9
  3010 | D:3      | Found a shadowy altar of Dithmenos.
  3370 | D:3      | Found an iron altar of Okawaru.
  3764 | D:4      | Reached XP level 6. HP: 37/37 MP: 0/11
  3825 | D:4      | Reached skill level 1 in Maces & Flails
  3849 | D:4      | HP: 1/37 [poisoned by an adder]
  4003 | D:4      | Reached skill level 1 in Fighting
  4003 | D:4      | Reached skill level 1 in Shields
  4214 | D:4      | Reached XP level 7. HP: 43/43 MP: 7/13
  4347 | D:4      | HP: 2/40 [goblin/+0 club (2)]
  4350 | D:4      | Slain by an adder

Illustrated notes

Levels and vault maps discovered:
D:1:      amcnicky_arrival_blooded_trapdoor, layout_rooms
D:2:      layout_basic
D:3:      layout_rooms, mainiacjoe_overflow_alcove_4, grunt_dithmenos_smoke
D:4:      layout_basic, minmay_manual_mess

Skill      XL: |  1  2  3  4  5  6 |
---------------+-------------------+-----
Stealth        | 3 |  3.9
Conjurations   | 5 |  5.9
Spellcasting   | 3 4 |  4.0
Maces & Flails | 1 |  1.4
Fighting       | 1 |  1.1
Shields        | 1 |  1.1
Short Blades   | |  0.2
Dodging        | |  2.5

Action                   |  1- 3 |  4- 6 |  7- 9 || total
-------------------------+-------+-------+-------++-------
Melee: Dagger            |     3 |       |       ||     3
       Constrict         |     5 |     5 |       ||    10
       Tentacles         |     2 |     2 |       ||     4
       Short sword       |     7 |     3 |       ||    10
       Morningstar       |       |    13 |     3 ||    16
       Punch             |       |     1 |       ||     1
 Cast: Magic Dart        |    59 |    73 |     1 ||   133
       Searing Ray       |     3 |    10 |       ||    13
  Use: Scroll            |       |     5 |     1 ||     6
       Potion            |       |     2 |       ||     2
Armor: Skin              |     1 |     7 |       ||     8
Dodge: Dodged            |    13 |    30 |     4 ||    47
Block: Kite shield       |       |    19 |     5 ||    24

Table legend: (Time is in decaauts)
 A = Elapsed time spent in this place.
 B = Non-inter-level travel time spent in this place.
 C = Inter-level travel time spent in this place.
 D = Time resting spent in this place.
 E = Time spent auto-exploring this place.
 F = Levels seen in this place.
 G = Mean time per level.
                   A        B        C        D        E       F      G
               +--------+--------+--------+--------+--------+-----+--------+
         Total |   4360 |   4237 |    123 |    406 |   3177 |   4 | 1090.0 |
       Dungeon |   4360 |   4237 |    123 |    406 |   3177 |   4 | 1090.0 |
               +--------+--------+--------+--------+--------+-----+--------+

Top non-repeatable levels by time:
     D:2: 1891 daAuts
     D:3: 1277 daAuts
     D:1: 754 daAuts
     D:4: 437 daAuts
